Workbook

Sheet Schedule
A1: MRR, billings and deferred revenue by month
A2: Straight-line over each contract's term. A simple planning view; your accounting policy and CPA decide how revenue is actually recorded.
A3: Blue text on a pale yellow cell = type here. Grey cells calculate; leave them alone.
A5: First month shown | B5: 46023
A6: Opening deferred revenue ($) | B6: 0 | C6: Use 0 if every contract starts in or after the first month shown.
A8: Month | B8: =$B$5 -> 46023 | C8: =EDATE(B8,1) -> 46054 | D8: =EDATE(C8,1) -> 46082 | E8: =EDATE(D8,1) -> 46113 | F8: =EDATE(E8,1) -> 46143 | G8: =EDATE(F8,1) -> 46174 | H8: =EDATE(G8,1) -> 46204 | I8: =EDATE(H8,1) -> 46235 | J8: =EDATE(I8,1) -> 46266 | ... Y8: =EDATE(X8,1) -> 46722
A9: Revenue recognized (MRR) ($) | B9: =SUMPRODUCT((((YEAR(B$8)-YEAR(Contracts!$D$6:$D$45))*12+MONTH(B$8)-MONTH(Contracts!$D$6:$D$45))>=0)*(((YEAR(B$8)-YEAR(Contracts!$D$6:$D$45))*12+MONTH(B$8)-MONTH(Contracts!$D$6:$D$45))<Contracts!$E$6:$E$45)*Contracts!$F$6:$F$45) -> 200 | C9: =SUMPRODUCT((((YEAR(C$8)-YEAR(Contracts!$D$6:$D$45))*12+MONTH(C$8)-MONTH(Contracts!$D$6:$D$45))>=0)*(((YEAR(C$8)-YEAR(Contracts!$D$6:$D$45))*12+MONTH(C$8)-MONTH(Contracts!$D$6:$D$45))<Contracts!$E$6:$E$45)*Contracts!$F$6:$F$45) -> 350 | D9: =SUMPRODUCT((((YEAR(D$8)-YEAR(Contracts!$D$6:$D$45))*12+MONTH(D$8)-MONTH(Contracts!$D$6:$D$45))>=0)*(((YEAR(D$8)-YEAR(Contracts!$D$6:$D$45))*12+MONTH(D$8)-MONTH(Contracts!$D$6:$D$45))<Contracts!$E$6:$E$45)*Contracts!$F$6:$F$45) -> 650 | E9: =SUMPRODUCT((((YEAR(E$8)-YEAR(Contracts!$D$6:$D$45))*12+MONTH(E$8)-MONTH(Contracts!$D$6:$D$45))>=0)*(((YEAR(E$8)-YEAR(Contracts!$D$6:$D$45))*12+MONTH(E$8)-MONTH(Contracts!$D$6:$D$45))<Contracts!$E$6:$E$45)*Contracts!$F$6:$F$45) -> 650 | F9: =SUMPRODUCT((((YEAR(F$8)-YEAR(Contracts!$D$6:$D$45))*12+MONTH(F$8)-MONTH(Contracts!$D$6:$D$45))>=0)*(((YEAR(F$8)-YEAR(Contracts!$D$6:$D$45))*12+MONTH(F$8)-MONTH(Contracts!$D$6:$D$45))<Contracts!$E$6:$E$45)*Contracts!$F$6:$F$45) -> 650 | G9: =SUMPRODUCT((((YEAR(G$8)-YEAR(Contracts!$D$6:$D$45))*12+MONTH(G$8)-MONTH(Contracts!$D$6:$D$45))>=0)*(((YEAR(G$8)-YEAR(Contracts!$D$6:$D$45))*12+MONTH(G$8)-MONTH(Contracts!$D$6:$D$45))<Contracts!$E$6:$E$45)*Contracts!$F$6:$F$45) -> 650 | H9: =SUMPRODUCT((((YEAR(H$8)-YEAR(Contracts!$D$6:$D$45))*12+MONTH(H$8)-MONTH(Contracts!$D$6:$D$45))>=0)*(((YEAR(H$8)-YEAR(Contracts!$D$6:$D$45))*12+MONTH(H$8)-MONTH(Contracts!$D$6:$D$45))<Contracts!$E$6:$E$45)*Contracts!$F$6:$F$45) -> 650 | I9: =SUMPRODUCT((((YEAR(I$8)-YEAR(Contracts!$D$6:$D$45))*12+MONTH(I$8)-MONTH(Contracts!$D$6:$D$45))>=0)*(((YEAR(I$8)-YEAR(Contracts!$D$6:$D$45))*12+MONTH(I$8)-MONTH(Contracts!$D$6:$D$45))<Contracts!$E$6:$E$45)*Contracts!$F$6:$F$45) -> 650 | ... Y9: =SUMPRODUCT((((YEAR(Y$8)-YEAR(Contracts!$D$6:$D$45))*12+MONTH(Y$8)-MONTH(Contracts!$D$6:$D$45))>=0)*(((YEAR(Y$8)-YEAR(Contracts!$D$6:$D$45))*12+MONTH(Y$8)-MONTH(Contracts!$D$6:$D$45))<Contracts!$E$6:$E$45)*Contracts!$F$6:$F$45) -> 300
A10: Billings invoiced ($) | B10: =SUMPRODUCT((((YEAR(B$8)-YEAR(Contracts!$D$6:$D$45))*12+MONTH(B$8)-MONTH(Contracts!$D$6:$D$45))>=0)*(((YEAR(B$8)-YEAR(Contracts!$D$6:$D$45))*12+MONTH(B$8)-MONTH(Contracts!$D$6:$D$45))<Contracts!$E$6:$E$45)*(Contracts!$C$6:$C$45="Monthly")*Contracts!$F$6:$F$45)+SUMPRODUCT((((YEAR(B$8)-YEAR(Contracts!$D$6:$D$45))*12+MONTH(B$8)-MONTH(Contracts!$D$6:$D$45))>=0)*(((YEAR(B$8)-YEAR(Contracts!$D$6:$D$45))*12+MONTH(B$8)-MONTH(Contracts!$D$6:$D$45))<Contracts!$E$6:$E$45)*(Contracts!$C$6:$C$45="Annual")*(MOD(((YEAR(B$8)-YEAR(Contracts!$D$6:$D$45))*12+MONTH(B$8)-MONTH(Contracts!$D$6:$D$45)),12)=0)*Contracts!$F$6:$F$45*12) -> 200 | C10: =SUMPRODUCT((((YEAR(C$8)-YEAR(Contracts!$D$6:$D$45))*12+MONTH(C$8)-MONTH(Contracts!$D$6:$D$45))>=0)*(((YEAR(C$8)-YEAR(Contracts!$D$6:$D$45))*12+MONTH(C$8)-MONTH(Contracts!$D$6:$D$45))<Contracts!$E$6:$E$45)*(Contracts!$C$6:$C$45="Monthly")*Contracts!$F$6:$F$45)+SUMPRODUCT((((YEAR(C$8)-YEAR(Contracts!$D$6:$D$45))*12+MONTH(C$8)-MONTH(Contracts!$D$6:$D$45))>=0)*(((YEAR(C$8)-YEAR(Contracts!$D$6:$D$45))*12+MONTH(C$8)-MONTH(Contracts!$D$6:$D$45))<Contracts!$E$6:$E$45)*(Contracts!$C$6:$C$45="Annual")*(MOD(((YEAR(C$8)-YEAR(Contracts!$D$6:$D$45))*12+MONTH(C$8)-MONTH(Contracts!$D$6:$D$45)),12)=0)*Contracts!$F$6:$F$45*12) -> 2000 | D10: =SUMPRODUCT((((YEAR(D$8)-YEAR(Contracts!$D$6:$D$45))*12+MONTH(D$8)-MONTH(Contracts!$D$6:$D$45))>=0)*(((YEAR(D$8)-YEAR(Contracts!$D$6:$D$45))*12+MONTH(D$8)-MONTH(Contracts!$D$6:$D$45))<Contracts!$E$6:$E$45)*(Contracts!$C$6:$C$45="Monthly")*Contracts!$F$6:$F$45)+SUMPRODUCT((((YEAR(D$8)-YEAR(Contracts!$D$6:$D$45))*12+MONTH(D$8)-MONTH(Contracts!$D$6:$D$45))>=0)*(((YEAR(D$8)-YEAR(Contracts!$D$6:$D$45))*12+MONTH(D$8)-MONTH(Contracts!$D$6:$D$45))<Contracts!$E$6:$E$45)*(Contracts!$C$6:$C$45="Annual")*(MOD(((YEAR(D$8)-YEAR(Contracts!$D$6:$D$45))*12+MONTH(D$8)-MONTH(Contracts!$D$6:$D$45)),12)=0)*Contracts!$F$6:$F$45*12) -> 3800 | E10: =SUMPRODUCT((((YEAR(E$8)-YEAR(Contracts!$D$6:$D$45))*12+MONTH(E$8)-MONTH(Contracts!$D$6:$D$45))>=0)*(((YEAR(E$8)-YEAR(Contracts!$D$6:$D$45))*12+MONTH(E$8)-MONTH(Contracts!$D$6:$D$45))<Contracts!$E$6:$E$45)*(Contracts!$C$6:$C$45="Monthly")*Contracts!$F$6:$F$45)+SUMPRODUCT((((YEAR(E$8)-YEAR(Contracts!$D$6:$D$45))*12+MONTH(E$8)-MONTH(Contracts!$D$6:$D$45))>=0)*(((YEAR(E$8)-YEAR(Contracts!$D$6:$D$45))*12+MONTH(E$8)-MONTH(Contracts!$D$6:$D$45))<Contracts!$E$6:$E$45)*(Contracts!$C$6:$C$45="Annual")*(MOD(((YEAR(E$8)-YEAR(Contracts!$D$6:$D$45))*12+MONTH(E$8)-MONTH(Contracts!$D$6:$D$45)),12)=0)*Contracts!$F$6:$F$45*12) -> 200 | F10: =SUMPRODUCT((((YEAR(F$8)-YEAR(Contracts!$D$6:$D$45))*12+MONTH(F$8)-MONTH(Contracts!$D$6:$D$45))>=0)*(((YEAR(F$8)-YEAR(Contracts!$D$6:$D$45))*12+MONTH(F$8)-MONTH(Contracts!$D$6:$D$45))<Contracts!$E$6:$E$45)*(Contracts!$C$6:$C$45="Monthly")*Contracts!$F$6:$F$45)+SUMPRODUCT((((YEAR(F$8)-YEAR(Contracts!$D$6:$D$45))*12+MONTH(F$8)-MONTH(Contracts!$D$6:$D$45))>=0)*(((YEAR(F$8)-YEAR(Contracts!$D$6:$D$45))*12+MONTH(F$8)-MONTH(Contracts!$D$6:$D$45))<Contracts!$E$6:$E$45)*(Contracts!$C$6:$C$45="Annual")*(MOD(((YEAR(F$8)-YEAR(Contracts!$D$6:$D$45))*12+MONTH(F$8)-MONTH(Contracts!$D$6:$D$45)),12)=0)*Contracts!$F$6:$F$45*12) -> 200 | G10: =SUMPRODUCT((((YEAR(G$8)-YEAR(Contracts!$D$6:$D$45))*12+MONTH(G$8)-MONTH(Contracts!$D$6:$D$45))>=0)*(((YEAR(G$8)-YEAR(Contracts!$D$6:$D$45))*12+MONTH(G$8)-MONTH(Contracts!$D$6:$D$45))<Contracts!$E$6:$E$45)*(Contracts!$C$6:$C$45="Monthly")*Contracts!$F$6:$F$45)+SUMPRODUCT((((YEAR(G$8)-YEAR(Contracts!$D$6:$D$45))*12+MONTH(G$8)-MONTH(Contracts!$D$6:$D$45))>=0)*(((YEAR(G$8)-YEAR(Contracts!$D$6:$D$45))*12+MONTH(G$8)-MONTH(Contracts!$D$6:$D$45))<Contracts!$E$6:$E$45)*(Contracts!$C$6:$C$45="Annual")*(MOD(((YEAR(G$8)-YEAR(Contracts!$D$6:$D$45))*12+MONTH(G$8)-MONTH(Contracts!$D$6:$D$45)),12)=0)*Contracts!$F$6:$F$45*12) -> 200 | H10: =SUMPRODUCT((((YEAR(H$8)-YEAR(Contracts!$D$6:$D$45))*12+MONTH(H$8)-MONTH(Contracts!$D$6:$D$45))>=0)*(((YEAR(H$8)-YEAR(Contracts!$D$6:$D$45))*12+MONTH(H$8)-MONTH(Contracts!$D$6:$D$45))<Contracts!$E$6:$E$45)*(Contracts!$C$6:$C$45="Monthly")*Contracts!$F$6:$F$45)+SUMPRODUCT((((YEAR(H$8)-YEAR(Contracts!$D$6:$D$45))*12+MONTH(H$8)-MONTH(Contracts!$D$6:$D$45))>=0)*(((YEAR(H$8)-YEAR(Contracts!$D$6:$D$45))*12+MONTH(H$8)-MONTH(Contracts!$D$6:$D$45))<Contracts!$E$6:$E$45)*(Contracts!$C$6:$C$45="Annual")*(MOD(((YEAR(H$8)-YEAR(Contracts!$D$6:$D$45))*12+MONTH(H$8)-MONTH(Contracts!$D$6:$D$45)),12)=0)*Contracts!$F$6:$F$45*12) -> 200 | I10: =SUMPRODUCT((((YEAR(I$8)-YEAR(Contracts!$D$6:$D$45))*12+MONTH(I$8)-MONTH(Contracts!$D$6:$D$45))>=0)*(((YEAR(I$8)-YEAR(Contracts!$D$6:$D$45))*12+MONTH(I$8)-MONTH(Contracts!$D$6:$D$45))<Contracts!$E$6:$E$45)*(Contracts!$C$6:$C$45="Monthly")*Contracts!$F$6:$F$45)+SUMPRODUCT((((YEAR(I$8)-YEAR(Contracts!$D$6:$D$45))*12+MONTH(I$8)-MONTH(Contracts!$D$6:$D$45))>=0)*(((YEAR(I$8)-YEAR(Contracts!$D$6:$D$45))*12+MONTH(I$8)-MONTH(Contracts!$D$6:$D$45))<Contracts!$E$6:$E$45)*(Contracts!$C$6:$C$45="Annual")*(MOD(((YEAR(I$8)-YEAR(Contracts!$D$6:$D$45))*12+MONTH(I$8)-MONTH(Contracts!$D$6:$D$45)),12)=0)*Contracts!$F$6:$F$45*12) -> 200 | ... Y10: =SUMPRODUCT((((YEAR(Y$8)-YEAR(Contracts!$D$6:$D$45))*12+MONTH(Y$8)-MONTH(Contracts!$D$6:$D$45))>=0)*(((YEAR(Y$8)-YEAR(Contracts!$D$6:$D$45))*12+MONTH(Y$8)-MONTH(Contracts!$D$6:$D$45))<Contracts!$E$6:$E$45)*(Contracts!$C$6:$C$45="Monthly")*Contracts!$F$6:$F$45)+SUMPRODUCT((((YEAR(Y$8)-YEAR(Contracts!$D$6:$D$45))*12+MONTH(Y$8)-MONTH(Contracts!$D$6:$D$45))>=0)*(((YEAR(Y$8)-YEAR(Contracts!$D$6:$D$45))*12+MONTH(Y$8)-MONTH(Contracts!$D$6:$D$45))<Contracts!$E$6:$E$45)*(Contracts!$C$6:$C$45="Annual")*(MOD(((YEAR(Y$8)-YEAR(Contracts!$D$6:$D$45))*12+MONTH(Y$8)-MONTH(Contracts!$D$6:$D$45)),12)=0)*Contracts!$F$6:$F$45*12) -> 0
A11: Opening deferred revenue ($) | B11: =$B$6 -> 0 | C11: =B12 -> 0 | D11: =C12 -> 1650 | E11: =D12 -> 4800 | F11: =E12 -> 4350 | G11: =F12 -> 3900 | H11: =G12 -> 3450 | I11: =H12 -> 3000 | J11: =I12 -> 2550 | ... Y11: =X12 -> 900
A12: Closing deferred revenue ($) | B12: =B11+B10-B9 -> 0 | C12: =C11+C10-C9 -> 1650 | D12: =D11+D10-D9 -> 4800 | E12: =E11+E10-E9 -> 4350 | F12: =F11+F10-F9 -> 3900 | G12: =G11+G10-G9 -> 3450 | H12: =H11+H10-H9 -> 3000 | I12: =I11+I10-I9 -> 2550 | ... Y12: =Y11+Y10-Y9 -> 600
A14: ARR (MRR x 12) ($) | B14: =B9*12 -> 2400 | C14: =C9*12 -> 4200 | D14: =D9*12 -> 7800 | E14: =E9*12 -> 7800 | F14: =F9*12 -> 7800 | G14: =G9*12 -> 7800 | H14: =H9*12 -> 7800 | I14: =I9*12 -> 7800 | ... Y14: =Y9*12 -> 3600
A15: Active customers | B15: =SUMPRODUCT((((YEAR(B$8)-YEAR(Contracts!$D$6:$D$45))*12+MONTH(B$8)-MONTH(Contracts!$D$6:$D$45))>=0)*(((YEAR(B$8)-YEAR(Contracts!$D$6:$D$45))*12+MONTH(B$8)-MONTH(Contracts!$D$6:$D$45))<Contracts!$E$6:$E$45)*(Contracts!$F$6:$F$45>0)) -> 1 | C15: =SUMPRODUCT((((YEAR(C$8)-YEAR(Contracts!$D$6:$D$45))*12+MONTH(C$8)-MONTH(Contracts!$D$6:$D$45))>=0)*(((YEAR(C$8)-YEAR(Contracts!$D$6:$D$45))*12+MONTH(C$8)-MONTH(Contracts!$D$6:$D$45))<Contracts!$E$6:$E$45)*(Contracts!$F$6:$F$45>0)) -> 2 | D15: =SUMPRODUCT((((YEAR(D$8)-YEAR(Contracts!$D$6:$D$45))*12+MONTH(D$8)-MONTH(Contracts!$D$6:$D$45))>=0)*(((YEAR(D$8)-YEAR(Contracts!$D$6:$D$45))*12+MONTH(D$8)-MONTH(Contracts!$D$6:$D$45))<Contracts!$E$6:$E$45)*(Contracts!$F$6:$F$45>0)) -> 3 | E15: =SUMPRODUCT((((YEAR(E$8)-YEAR(Contracts!$D$6:$D$45))*12+MONTH(E$8)-MONTH(Contracts!$D$6:$D$45))>=0)*(((YEAR(E$8)-YEAR(Contracts!$D$6:$D$45))*12+MONTH(E$8)-MONTH(Contracts!$D$6:$D$45))<Contracts!$E$6:$E$45)*(Contracts!$F$6:$F$45>0)) -> 3 | F15: =SUMPRODUCT((((YEAR(F$8)-YEAR(Contracts!$D$6:$D$45))*12+MONTH(F$8)-MONTH(Contracts!$D$6:$D$45))>=0)*(((YEAR(F$8)-YEAR(Contracts!$D$6:$D$45))*12+MONTH(F$8)-MONTH(Contracts!$D$6:$D$45))<Contracts!$E$6:$E$45)*(Contracts!$F$6:$F$45>0)) -> 3 | G15: =SUMPRODUCT((((YEAR(G$8)-YEAR(Contracts!$D$6:$D$45))*12+MONTH(G$8)-MONTH(Contracts!$D$6:$D$45))>=0)*(((YEAR(G$8)-YEAR(Contracts!$D$6:$D$45))*12+MONTH(G$8)-MONTH(Contracts!$D$6:$D$45))<Contracts!$E$6:$E$45)*(Contracts!$F$6:$F$45>0)) -> 3 | H15: =SUMPRODUCT((((YEAR(H$8)-YEAR(Contracts!$D$6:$D$45))*12+MONTH(H$8)-MONTH(Contracts!$D$6:$D$45))>=0)*(((YEAR(H$8)-YEAR(Contracts!$D$6:$D$45))*12+MONTH(H$8)-MONTH(Contracts!$D$6:$D$45))<Contracts!$E$6:$E$45)*(Contracts!$F$6:$F$45>0)) -> 3 | I15: =SUMPRODUCT((((YEAR(I$8)-YEAR(Contracts!$D$6:$D$45))*12+MONTH(I$8)-MONTH(Contracts!$D$6:$D$45))>=0)*(((YEAR(I$8)-YEAR(Contracts!$D$6:$D$45))*12+MONTH(I$8)-MONTH(Contracts!$D$6:$D$45))<Contracts!$E$6:$E$45)*(Contracts!$F$6:$F$45>0)) -> 3 | ... Y15: =SUMPRODUCT((((YEAR(Y$8)-YEAR(Contracts!$D$6:$D$45))*12+MONTH(Y$8)-MONTH(Contracts!$D$6:$D$45))>=0)*(((YEAR(Y$8)-YEAR(Contracts!$D$6:$D$45))*12+MONTH(Y$8)-MONTH(Contracts!$D$6:$D$45))<Contracts!$E$6:$E$45)*(Contracts!$F$6:$F$45>0)) -> 1
A16: New customers | B16: =SUMPRODUCT((((YEAR(B$8)-YEAR(Contracts!$D$6:$D$45))*12+MONTH(B$8)-MONTH(Contracts!$D$6:$D$45))=0)*(Contracts!$F$6:$F$45>0)*(Contracts!$E$6:$E$45>0)) -> 1 | C16: =SUMPRODUCT((((YEAR(C$8)-YEAR(Contracts!$D$6:$D$45))*12+MONTH(C$8)-MONTH(Contracts!$D$6:$D$45))=0)*(Contracts!$F$6:$F$45>0)*(Contracts!$E$6:$E$45>0)) -> 1 | D16: =SUMPRODUCT((((YEAR(D$8)-YEAR(Contracts!$D$6:$D$45))*12+MONTH(D$8)-MONTH(Contracts!$D$6:$D$45))=0)*(Contracts!$F$6:$F$45>0)*(Contracts!$E$6:$E$45>0)) -> 1 | E16: =SUMPRODUCT((((YEAR(E$8)-YEAR(Contracts!$D$6:$D$45))*12+MONTH(E$8)-MONTH(Contracts!$D$6:$D$45))=0)*(Contracts!$F$6:$F$45>0)*(Contracts!$E$6:$E$45>0)) -> 0 | F16: =SUMPRODUCT((((YEAR(F$8)-YEAR(Contracts!$D$6:$D$45))*12+MONTH(F$8)-MONTH(Contracts!$D$6:$D$45))=0)*(Contracts!$F$6:$F$45>0)*(Contracts!$E$6:$E$45>0)) -> 0 | G16: =SUMPRODUCT((((YEAR(G$8)-YEAR(Contracts!$D$6:$D$45))*12+MONTH(G$8)-MONTH(Contracts!$D$6:$D$45))=0)*(Contracts!$F$6:$F$45>0)*(Contracts!$E$6:$E$45>0)) -> 0 | H16: =SUMPRODUCT((((YEAR(H$8)-YEAR(Contracts!$D$6:$D$45))*12+MONTH(H$8)-MONTH(Contracts!$D$6:$D$45))=0)*(Contracts!$F$6:$F$45>0)*(Contracts!$E$6:$E$45>0)) -> 0 | I16: =SUMPRODUCT((((YEAR(I$8)-YEAR(Contracts!$D$6:$D$45))*12+MONTH(I$8)-MONTH(Contracts!$D$6:$D$45))=0)*(Contracts!$F$6:$F$45>0)*(Contracts!$E$6:$E$45>0)) -> 0 | ... Y16: =SUMPRODUCT((((YEAR(Y$8)-YEAR(Contracts!$D$6:$D$45))*12+MONTH(Y$8)-MONTH(Contracts!$D$6:$D$45))=0)*(Contracts!$F$6:$F$45>0)*(Contracts!$E$6:$E$45>0)) -> 0
A17: Contracts ending | B17: =SUMPRODUCT((((YEAR(B$8)-YEAR(Contracts!$D$6:$D$45))*12+MONTH(B$8)-MONTH(Contracts!$D$6:$D$45))=Contracts!$E$6:$E$45)*(Contracts!$F$6:$F$45>0)*(Contracts!$E$6:$E$45>0)) -> 0 | C17: =SUMPRODUCT((((YEAR(C$8)-YEAR(Contracts!$D$6:$D$45))*12+MONTH(C$8)-MONTH(Contracts!$D$6:$D$45))=Contracts!$E$6:$E$45)*(Contracts!$F$6:$F$45>0)*(Contracts!$E$6:$E$45>0)) -> 0 | D17: =SUMPRODUCT((((YEAR(D$8)-YEAR(Contracts!$D$6:$D$45))*12+MONTH(D$8)-MONTH(Contracts!$D$6:$D$45))=Contracts!$E$6:$E$45)*(Contracts!$F$6:$F$45>0)*(Contracts!$E$6:$E$45>0)) -> 0 | E17: =SUMPRODUCT((((YEAR(E$8)-YEAR(Contracts!$D$6:$D$45))*12+MONTH(E$8)-MONTH(Contracts!$D$6:$D$45))=Contracts!$E$6:$E$45)*(Contracts!$F$6:$F$45>0)*(Contracts!$E$6:$E$45>0)) -> 0 | F17: =SUMPRODUCT((((YEAR(F$8)-YEAR(Contracts!$D$6:$D$45))*12+MONTH(F$8)-MONTH(Contracts!$D$6:$D$45))=Contracts!$E$6:$E$45)*(Contracts!$F$6:$F$45>0)*(Contracts!$E$6:$E$45>0)) -> 0 | G17: =SUMPRODUCT((((YEAR(G$8)-YEAR(Contracts!$D$6:$D$45))*12+MONTH(G$8)-MONTH(Contracts!$D$6:$D$45))=Contracts!$E$6:$E$45)*(Contracts!$F$6:$F$45>0)*(Contracts!$E$6:$E$45>0)) -> 0 | H17: =SUMPRODUCT((((YEAR(H$8)-YEAR(Contracts!$D$6:$D$45))*12+MONTH(H$8)-MONTH(Contracts!$D$6:$D$45))=Contracts!$E$6:$E$45)*(Contracts!$F$6:$F$45>0)*(Contracts!$E$6:$E$45>0)) -> 0 | I17: =SUMPRODUCT((((YEAR(I$8)-YEAR(Contracts!$D$6:$D$45))*12+MONTH(I$8)-MONTH(Contracts!$D$6:$D$45))=Contracts!$E$6:$E$45)*(Contracts!$F$6:$F$45>0)*(Contracts!$E$6:$E$45>0)) -> 0 | ... Y17: =SUMPRODUCT((((YEAR(Y$8)-YEAR(Contracts!$D$6:$D$45))*12+MONTH(Y$8)-MONTH(Contracts!$D$6:$D$45))=Contracts!$E$6:$E$45)*(Contracts!$F$6:$F$45>0)*(Contracts!$E$6:$E$45>0)) -> 0
A19: Deferred revenue is cash billed ahead of the months it covers. It is a liability until each month is earned. MRR here is the monthly revenue recognized, not a measure defined by accounting standards. Free template from MCC Solutions (mcc-solutionsnj.com). For your own records. Not tax, legal or accounting advice; ask a qualified professional how rules apply to you.

Sheet Contracts
A1: Customer contracts
A2: One row per customer contract. The Schedule tab turns these into monthly revenue, billings and deferred revenue.
A3: Blue text on a pale yellow cell = type here. Grey cells calculate; leave them alone.
A4: Rows 6 to 8 are examples. Replace or delete them. Start month must be the first day of a month.
A5: Customer | B5: Plan | C5: Billing (Monthly/Annual) | D5: Start month | E5: Term (months) | F5: Monthly price ($) | H5: Annual billing: the customer is invoiced 12 months of price up front at the start month and every 12 months after, while the term lasts. Use a term that is a multiple of 12 for annual contracts.
A6: Example Customer A | B6: Starter | C6: Monthly | D6: 46023 | E6: 12 | F6: 200
A7: Example Customer B | B7: Team | C7: Annual | D7: 46054 | E7: 12 | F7: 150
A8: Example Customer C | B8: Business | C8: Annual | D8: 46082 | E8: 24 | F8: 300
